[Event "Early-Titled-Tuesday-Blitz-May-07-2024"]
[Site "Chess.com"]
[Date "2024.05.07"]
[Round "4"]
[White "LLariMarc"]
[Black "Bwert2602"]
[Result "1-0"]
[WhiteElo "2518"]
[BlackElo "2234"]
[TimeControl "180+1"]
[EndTime "8:39:56 PDT"]
[Termination "LLariMarc won on time"]

1. e4 d6 2. d4 Nf6 3. Nc3 g6 4. Bg5 Bg7 5. e5 Nfd7 6. exd6 cxd6 7. Qd2 O-O 8. h4 Qa5 9. Nf3 e5 10. Bh6 exd4 11. Bxg7 Kxg7 12. Qxd4+ Ne5 13. O-O-O Nc6 14. Qf4 Bg4 15. h5 Nxf3 16. Qxg4 Nfe5 17. Qf4 Rad8 18. h6+ Kg8 19. Qf6 1-0

[Event "Early-Titled-Tuesday-Blitz-May-07-2024"]
[Site "Chess.com"]
[Date "2024.05.07"]
[Round "4"]
[White "Ural_bogatyr"]
[Black "Byniolus"]
[Result "0-1"]
[WhiteElo "2571"]
[BlackElo "2811"]
[TimeControl "180+1"]
[EndTime "8:40:10 PDT"]
[Termination "Byniolus won by resignation"]

1. d4 d6 2. e4 Nf6 3. Nc3 c6 4.
Nf3 Bg4 5. Be3 e6 6. Be2 Be7 7. h3 Bh5 8. a4 d5 9. e5 Nfd7 10.
O-O c5 11. Nb1 cxd4 12. Bxd4 Nc6 13. Re1 O-O 14. c3 Qc7 15. Bd3 Bxf3 16. Qxf3 Nxd4 17.
cxd4 Qb6 18. Qg4 Qxb2 19. h4 Qxa1 20. Re3 Rfc8 21. Rg3 g6 22. h5 Rc1+ 23. Kh2 Rxb1 0-1

[Event "Early-Titled-Tuesday-Blitz-May-07-2024"]
[Site "Chess.com"]
[Date "2024.05.07"]
[Round "4"]
[White "Mischuk_D"]
[Black "bazar-wokzal"]
[Result "1-0"]
[WhiteElo "2808"]
[BlackElo "2571"]
[TimeControl "180+1"]
[EndTime "8:40:17 PDT"]
[Termination "Mischuk_D won by resignation"]

1. d4 Nf6 2. c4 Nc6 3. Nc3 e5 4. d5 Ne7 5. h4 Neg8 6. a3 Bc5 7.
e3 a5 8. b3 d6 9. Bb2 c6 10. dxc6 bxc6 11. Na4 Ba7 12. c5 Bxc5 13. Nxc5 dxc5 14. Qxd8+ Kxd8 15. Bxe5 Be6 16. Bc4 Ke7 17. Nf3 a4 18. Bxe6 Kxe6 19. bxa4 Rxa4 20. O-O Ne7 21.
Rfc1 c4 22. Bc3 Ned5 23. Nd4+ Kd7 24. Nf5 Rha8 25. Nxg7 Rxa3 26. Rxa3 Rxa3 27. Bxf6 Nxf6 28. Rxc4 Ra5 29. g3 c5 30. Kg2 Kc6 31. Rf4 Nd5 32. Rxf7 c4 33. Ne6 c3 34. Nd4+ Kd6 35. Rxh7 Ra2 36. Kf3 c2 37. Rh6+ Kd7 38. Rc6 Nb4 39. Rc4 Rb2 40. h5 Kd6 41. h6 Kd5 42. Rc8 Nd3 43.
Nxc2 1-0

[Event "Early-Titled-Tuesday-Blitz-May-07-2024"]
[Site "Chess.com"]
[Date "2024.05.07"]
[Round "4"]
[White "SharapovEvgeny"]
[Black "Me_ch_an"]
[Result "1-0"]
[WhiteElo "2638"]
[BlackElo "2378"]
[TimeControl "180+1"]
[EndTime "8:40:17 PDT"]
[Termination "SharapovEvgeny won on time"]

1. e4 c5 2. Nf3 e6 3. c4 Nc6 4. Nc3 Nf6 5. Be2 d5 6. exd5 exd5 7. d4 cxd4 8. Nxd4 Bc5 9. Nb3 Bb4 10. cxd5 Nxd5 11. Bd2 O-O 12. O-O Be6 13. Bf3 Bxc3 14. bxc3 Qf6 15. Nc5 b6 16. Nxe6 Qxe6 17. Re1 Qf5 18.
Be4 Qd7 19. Qf3 Rad8 20. Bg5 f6 21. Rad1 1-0

[Event "Early-Titled-Tuesday-Blitz-May-07-2024"]
[Site "Chess.com"]
[Date "2024.05.07"]
[Round "4"]
[White "PenguinPacks"]
[Black "JiiHart"]
[Result "1-0"]
[WhiteElo "2467"]
[BlackElo "2163"]
[TimeControl "180+1"]
[EndTime "8:40:21 PDT"]
[Termination "PenguinPacks won by resignation"]

1. e4 c5 2. Nf3 Nc6 3. Bb5 e6 4. O-O Nge7 5. Re1 a6 6. Bf1 d6 7. c3 Ng6 8. d4 cxd4 9. cxd4 Be7 10. Nc3 O-O 11. Qe2 e5 12. d5 Nb8 13. a4 Nd7 14. a5 b6 15. axb6 Qxb6 16. Be3 Qb8 17. g3 a5 18. Ra2 Ba6 19. Qd2 Bxf1 20. Kxf1 Rd8 21. Rea1 Nc5 22. Bxc5 dxc5 23. Rxa5 Rxa5 24. Rxa5 Qb4 25.
Rb5 Qc4+ 26. Kg2 Ra8 27. b3 1-0

[Event "Early-Titled-Tuesday-Blitz-May-07-2024"]
[Site "Chess.com"]
[Date "2024.05.07"]
[Round "4"]
[White "Let_it_be_1"]
[Black "Triumphmate"]
[Result "0-1"]
[WhiteElo "2624"]
[BlackElo "2434"]
[TimeControl "180+1"]
[EndTime "8:40:22 PDT"]
[Termination "Triumphmate won by resignation"]

1. e4 d5 2. exd5 Nf6 3. d4 Bg4 4. Be2 Bxe2 5. Qxe2 Qxd5 6. Nf3 Nc6 7. Nc3 Qf5 8. O-O O-O-O 9. Rd1 e6 10. Bg5 Nxd4 11. Nxd4 Qxg5 12. Nxe6 fxe6 13. Qxe6+ Nd7 14. Rd3 Qe5 15.
Qh3 Bd6 16. f3 Kb8 17. Ne4 Nc5 18. Re3 Qd4 19. Re1 Bf4 0-1

[Event "Early-Titled-Tuesday-Blitz-May-07-2024"]
[Site "Chess.com"]
[Date "2024.05.07"]
[Round "4"]
[White "Kostina_Nadezhda"]
[Black "Chesmc"]
[Result "0-1"]
[WhiteElo "2282"]
[BlackElo "2116"]
[TimeControl "180+1"]
[EndTime "8:40:23 PDT"]
[Termination "Chesmc won by resignation"]

1. e4 Nf6 2. e5 Nd5 3. d4 d6 4.
exd6 cxd6 5. Bc4 Nb6 6. Bb3 Bf5 7. Nf3 e6 8. O-O Be7 9. c3 O-O 10. Be3 d5 11. a4 Nc6 12. Nbd2 Na5 13. Ba2 Nac4 14.
Nxc4 Nxc4 15. Bxc4 dxc4 16. Ne5 Rc8 17. Qe2 Qd5 18. a5 f6 19. Nf3 Bd3 20. Qd2 Bxf1 21. Rxf1 Rfd8 22. Ra1 b6 23. axb6 axb6 24. Ra7 Rd7 25.
Rxd7 Qxd7 26. d5 Qxd5 27. Qc2 Rd8 28. Nd2 b5 29. g3 Bc5 30. Bxc5 Qxd2 31. Qe4 Qd1+ 32. Kg2 Qd5 33. Qxd5 Rxd5 34. Be3 Rd1 35. Kf3 Rb1 36. Ke2 Rxb2+ 37. Kd1 Rb3 38. Kc2 Kf7 39. Bc5 e5 40. Bb4 Rxb4 41. cxb4 Ke6 42. Kc3 Kd5 0-1

[Event "Early-Titled-Tuesday-Blitz-May-07-2024"]
[Site "Chess.com"]
[Date "2024.05.07"]
[Round "4"]
[White "catalin009"]
[Black "stollenmonster"]
[Result "0-1"]
[WhiteElo "2568"]
[BlackElo "2926"]
[TimeControl "180+1"]
[EndTime "8:40:25 PDT"]
[Termination "stollenmonster won by resignation"]

1. e4 c5 2. Nf3 Nf6 3. e5 Nd5 4. c4 Nc7 5. Nc3 Nc6 6. g3 g6 7. Bg2 Bg7 8. Qe2 O-O 9. O-O d6 10. exd6 exd6 11. d3 Bg4 12. h3 Nd4 13. Qd1 Nxf3+ 14.
Bxf3 Bxh3 15. Bxb7 Bxf1 16. Bxa8 Bxd3 17. Qxd3 Qxa8 18.
Qxd6 Bxc3 19. Qxc7 Bd4 20. Qf4 Qb7 21. Be3 Qxb2 22.
Rd1 Qc2 23. Rd2 Qc1+ 24. Kg2 Bxe3 25. fxe3 Qxd2+ 0-1

[Event "Early-Titled-Tuesday-Blitz-May-07-2024"]
[Site "Chess.com"]
[Date "2024.05.07"]
[Round "4"]
[White "youngKID"]
[Black "Tonychess32"]
[Result "1-0"]
[WhiteElo "2829"]
[BlackElo "2493"]
[TimeControl "180+1"]
[EndTime "8:40:27 PDT"]
[Termination "youngKID won by resignation"]

1. d4 Nf6 2. Nf3 e6 3. Bf4 b6 4. Nbd2 Bb7 5. e3 Be7 6. Bd3 d5 7. O-O O-O 8. c4 c5 9. Bg3 cxd4 10. Nxd4 Nc6 11. Nxc6 Bxc6 12. Rc1 Rc8 13. Qe2 Qd7 14. Rfd1 Rfd8 15. Nf3 Qe8 16. Ne5 Bb7 17. cxd5 Rxc1 18.
Rxc1 Nxd5 19. Bb5 Qf8 20. Nd7 Rxd7 21. Bxd7 Qd8 22. Bc6 Qc8 23. Qc4 Bxc6 24. Qxc6 Qxc6 25. Rxc6 f5 26. Rxe6 Bf6 27. b3 Nb4 28. a4 Kf7 29. Rd6 Be7 30. Rd7 Nc6 31. Rc7 Na5 32. Bd6 1-0

[Event "Early-Titled-Tuesday-Blitz-May-07-2024"]
[Site "Chess.com"]
[Date "2024.05.07"]
[Round "4"]
[White "talaicito"]
[Black "chess_blitz00"]
[Result "0-1"]
[WhiteElo "2372"]
[BlackElo "2547"]
[TimeControl "180+1"]
[EndTime "8:40:32 PDT"]
[Termination "chess_blitz00 won on time"]

1. d4 d6 2. e4 Nf6 3. Nc3 c6 4.
Bf4 Qa5 5. Qd2 e5 6. Be3 Ng4 7. Nf3 Nxe3 8. fxe3 Be7 9. Bc4 O-O 10. O-O Nd7 11. a3 Nf6 12. b4 Qc7 13. Qf2 Be6 14. Bd3 Ng4 15. Qd2 a5 16. d5 Bd7 17. h3 Nf6 18. Nh4 axb4 19. axb4 Nxe4 20. Bxe4 Bxh4 21.
Rxa8 Rxa8 22. Bxh7+ Kxh7 23. Rxf7 Kg8 24. Rf1 Rf8 25.
Rxf8+ Kxf8 26. Qd3 Bf6 27. Qh7 Be8 0-1

[Event "Early-Titled-Tuesday-Blitz-May-07-2024"]
[Site "Chess.com"]
[Date "2024.05.07"]
[Round "4"]
[White "Casablanca"]
[Black "slorovel"]
[Result "0-1"]
[WhiteElo "2709"]
[BlackElo "2529"]
[TimeControl "180+1"]
[EndTime "8:40:33 PDT"]
[Termination "slorovel won by resignation"]

1. Nf3 g6 2. g3 Bg7 3. Bg2 e5 4. O-O Ne7 5. d3 O-O 6. c4 c6 7. Nc3 d5 8. e4 d4 9. Ne2 f5 10. Ne1 a5 11. f4 Nd7 12. fxe5 Nxe5 13. Nf3 Nxf3+ 14. Bxf3 Be6 15. Nf4 Bf7 16. Qe2 fxe4 17.
Bxe4 Qd7 18. Bd2 b6 19. Rae1 Rae8 20. Qg2 g5 21. Nh3 h6 22. Nf2 Bg6 23. Bxg6 Nxg6 24.
Ne4 Ne5 25. Qe2 g4 26. Bf4 Nf3+ 27.
Rxf3 gxf3 28. Qxf3 Re6 29. Qg4 Rf7 30. a4 Rxe4 31. Qxd7 Rxe1+ 32. Kf2 Rxd7 33. Kxe1 0-1

[Event "Early-Titled-Tuesday-Blitz-May-07-2024"]
[Site "Chess.com"]
[Date "2024.05.07"]
[Round "4"]
[White "EgorYakovlev"]
[Black "Airquake"]
[Result "0-1"]
[WhiteElo "2574"]
[BlackElo "2817"]
[TimeControl "180+1"]
[EndTime "8:40:39 PDT"]
[Termination "Airquake won by resignation"]

1. e4 c5 2. Nf3 d6 3. d4 cxd4 4.
Nxd4 Nf6 5. Nc3 a6 6. Bg5 e6 7. f4 Qb6 8. Nb3 Be7 9. Qd2 Nbd7 10. Bd3 h6 11. Bxf6 Bxf6 12. O-O-O Qc7 13. g4 b5 14. h4 Bxc3 15. bxc3 Bb7 16. g5 Rc8 17.
Kb2 Nb6 18. Rde1 Na4+ 19. Ka1 Qxc3+ 20. Qxc3 Rxc3 21. f5 Ke7 22. Rhf1 hxg5 23. hxg5 Rh2 24. e5 Bd5 25. exd6+ Kxd6 26. fxe6 fxe6 27. Rf7 Rxd3 28. cxd3 Bxb3 29. Ra7 Rxa2+ 0-1

[Event "Early-Titled-Tuesday-Blitz-May-07-2024"]
[Site "Chess.com"]
[Date "2024.05.07"]
[Round "4"]
[White "Rud_Makarian"]
[Black "moro182"]
[Result "1-0"]
[WhiteElo "3062"]
[BlackElo "2858"]
[TimeControl "180+1"]
[EndTime "8:40:41 PDT"]
[Termination "Rud_Makarian won by resignation"]

1. d4 d6 2. Nf3 g6 3. c4 Bg7 4. Nc3 Nc6 5. d5 Ne5 6. Nxe5 Bxe5 7. e4 Nf6 8. Bd3 O-O 9. O-O e6 10. h3 exd5 11. cxd5 Nh5 12. Be2 Qh4 13. Bg4 f5 14. exf5 Bxf5 15. Bxf5 Rxf5 16. Qg4 Qe7 17. Bd2 Qf7 18.
Rae1 Nf6 19. Qc4 c6 20. Qb3 Nxd5 21. Nxd5 cxd5 22. f4 Bg7 23. g4 Rf6 24. Bc3 Re6 25. Rxe6 Qxe6 26. Bxg7 Kxg7 27. Qxb7+ Kf6 28. Qxa8 Qe3+ 29.
Kg2 Qe2+ 30. Rf2 Qe4+ 31. Kh2 1-0

[Event "Early-Titled-Tuesday-Blitz-May-07-2024"]
[Site "Chess.com"]
[Date "2024.05.07"]
[Round "4"]
[White "Blackwhite017"]
[Black "I_am_a_Miracle"]
[Result "1/2-1/2"]
[WhiteElo "2109"]
[BlackElo "2299"]
[TimeControl "180+1"]
[EndTime "8:40:42 PDT"]
[Termination "Game drawn by repetition"]

1. e4 e5 2. Nf3 Nc6 3. Bb5 a6 4.
Bxc6 dxc6 5. O-O f6 6. d4 Bg4 7.
dxe5 Qxd1 8. Rxd1 fxe5 9. Nbd2 Bd6 10. h3 Bh5 11. Nc4 Bxf3 12. gxf3 O-O-O 13. Bg5 Nf6 14. f4 Rde8 15. Bxf6 gxf6 16. f5 Bc5 17. Kg2 Rhg8+ 18.
Kf3 Rg5 19. Rg1 Reg8 20. Rxg5 Rxg5 21. Rd1 Rh5 22. Kg4 Rg5+ 23. Kf3 Rh5 24. Kg4 Rg5+ 25. Kf3 1/2-1/2

[Event "Early-Titled-Tuesday-Blitz-May-07-2024"]
[Site "Chess.com"]
[Date "2024.05.07"]
[Round "4"]
[White "ValentinDragnev"]
[Black "db-banana"]
[Result "1-0"]
[WhiteElo "2718"]
[BlackElo "2440"]
[TimeControl "180+1"]
[EndTime "8:40:44 PDT"]
[Termination "ValentinDragnev won by resignation"]

1. e4 c5 2. Nc3 d6 3. Bb5+ Bd7 4. Bxd7+ Qxd7 5. d4 cxd4 6. Qxd4 Nc6 7. Qd3 e5 8.
Nf3 Nge7 9. Be3 Ng6 10. O-O-O Be7 11. h4 Nf8 12. h5 Ne6 13. h6 g6 14. Nd5 Nc7 15. Kb1 Nxd5 16. Qxd5 Rc8 17. c3 O-O 18. Nxe5 Qd8 19. Nxc6 bxc6 20. Qd4 Bf6 21. Qxd6 Qxd6 22. Rxd6 Be5 23. Rd7 a5 24. f4 Bf6 25. e5 Bd8 26.
Rhd1 a4 27. e6 fxe6 28. Rg7+ Kh8 29. Bd4 Bf6 30. Bxf6 Rxf6 31. Rdd7 1-0

[Event "Early-Titled-Tuesday-Blitz-May-07-2024"]
[Site "Chess.com"]
[Date "2024.05.07"]
[Round "4"]
[White "ab-lsv"]
[Black "rookpower2004"]
[Result "0-1"]
[WhiteElo "2379"]
[BlackElo "2559"]
[TimeControl "180+1"]
[EndTime "8:40:48 PDT"]
[Termination "rookpower2004 won by resignation"]

1. d4 d5 2. c4 e6 3. Nc3 Be7 4. Nf3 Nf6 5. Bg5 O-O 6. e3 b6 7.
cxd5 Nxd5 8. Bxe7 Qxe7 9. Bd3 Bb7 10. O-O Nd7 11. Rc1 c5 12. Nxd5 Bxd5 13. e4 Bb7 14.
Qe2 cxd4 15. Nxd4 Nc5 16. Rfd1 Rad8 17. Qe3 e5 18. Nf5 Qf6 19. f3 g6 20. Ng3 Qf4 21. Kf2 Nxd3+ 22. Rxd3 Rxd3 0-1

[Event "Early-Titled-Tuesday-Blitz-May-07-2024"]
[Site "Chess.com"]
[Date "2024.05.07"]
[Round "4"]
[White "AsaHoffmann"]
[Black "KChor05"]
[Result "0-1"]
[WhiteElo "2409"]
[BlackElo "2616"]
[TimeControl "180+1"]
[EndTime "8:40:51 PDT"]
[Termination "KChor05 won by resignation"]

1. d4 Nf6 2. Bg5 Ne4 3. Bf4 c5 4. f3 Qa5+ 5. c3 Nf6 6. d5 g6 7. e4 Bg7 8. Na3 d6 9. Nc4 Qd8 10. a4 O-O 11. Qd2 Nbd7 12. Bh6 Nb6 13. Na3 Nxa4 14.
h4 e6 15. h5 exd5 16. hxg6 fxg6 17. Bxg7 Kxg7 18. Qh6+ Kg8 19. O-O-O d4 20. Bc4+ Kh8 21. Ne2 d5 22. Nf4 dxc4 23. Nxg6+ Kg8 24. Nxf8 Qxf8 25. Qg5+ Qg7 26. Qxg7+ Kxg7 27. Nxc4 Be6 28. Nd6 dxc3 29. bxc3 Nxc3 30. Rd3 Ne2+ 31. Kd2 Nf4 32. Rc3 Rd8 33. e5 Nd7 34. Ke3 Nd5+ 35. Ke4 Nxc3+ 36. Kf4 Nd5+ 37. Kg5 Nxe5 0-1

[Event "Early-Titled-Tuesday-Blitz-May-07-2024"]
[Site "Chess.com"]
[Date "2024.05.07"]
[Round "4"]
[White "Zhigalko_Sergei"]
[Black "djano"]
[Result "1-0"]
[WhiteElo "2869"]
[BlackElo "2585"]
[TimeControl "180+1"]
[EndTime "8:40:52 PDT"]
[Termination "Zhigalko_Sergei won by resignation"]

1. e4 c5 2. Nf3 g6 3. c3 d5 4. exd5 Qxd5 5. d4 Bg7 6. Na3 cxd4 7. Bc4 Qe4+ 8. Be3 Nh6 9. Nb5 O-O 10. cxd4 Ng4 11.
Qe2 Nc6 12. O-O Nf6 13. h3 Qf5 14. Rfe1 a6 15. Nc7 Rb8 16. d5 Qd7 17. Ne6 Nxd5 18. Nxf8 Kxf8 19. Rad1 e6 20. Bxd5 exd5 21. Bc5+ Kg8 22.
Qe8+ Qxe8 23. Rxe8+ Bf8 24. Rxf8+ 1-0

[Event "Early-Titled-Tuesday-Blitz-May-07-2024"]
[Site "Chess.com"]
[Date "2024.05.07"]
[Round "4"]
[White "Ruslan_Kurayan"]
[Black "maHmoUd-S-haddAd-M"]
[Result "1-0"]
[WhiteElo "2636"]
[BlackElo "2322"]
[TimeControl "180+1"]
[EndTime "8:40:54 PDT"]
[Termination "Ruslan_Kurayan won by resignation"]

1. e4 d5 2. exd5 Nf6 3. c4 e6 4.
dxe6 Bxe6 5. d4 Bb4+ 6. Nc3 Qe7 7. Qe2 Nc6 8. Nf3 O-O-O 9. d5 Nxd5 10. cxd5 Rxd5 11.
Bd2 Nd4 12. Nxd5 Nxf3+ 13. gxf3 Bxd2+ 14. Kxd2 Rd8 15. Rd1 Qb4+ 16. Kc1 Bxd5 17. Bh3+ Kb8 18. Rxd5 Qc4+ 19. Qxc4 1-0

[Event "Early-Titled-Tuesday-Blitz-May-07-2024"]
[Site "Chess.com"]
[Date "2024.05.07"]
[Round "4"]
[White "Abund"]
[Black "yaguigor"]
[Result "0-1"]
[WhiteElo "2750"]
[BlackElo "2571"]
[TimeControl "180+1"]
[EndTime "8:40:55 PDT"]
[Termination "yaguigor won by resignation"]

1. e4 c5 2. Nf3 Nc6 3. Bb5 g6 4. O-O Bg7 5. Re1 Nf6 6. c3 O-O 7. d4 d5 8. e5 Ne4 9. Be3 cxd4 10. cxd4 Qb6 11. Bxc6 Qxc6 12. Nfd2 Nxd2 13. Qxd2 f6 14.
Nc3 Be6 15. Rac1 Qd7 16. Bf4 g5 17. Bg3 Rac8 18. b3 b6 19. h3 h6 20. exf6 exf6 21. a4 Rc6 22. Nb5 Rfc8 23. Rxc6 Rxc6 24. Rc1 a6 25. Nc7 Rxc1+ 26. Qxc1 f5 27. f4 Bxd4+ 28.
Kh2 g4 29. hxg4 fxg4 30. Nxa6 Qf7 31. Nc7 Qh5+ 0-1

[Event "Early-Titled-Tuesday-Blitz-May-07-2024"]
[Site "Chess.com"]
[Date "2024.05.07"]
[Round "4"]
[White "Ryukchess81"]
[Black "Aryan_Tamadon"]
[Result "0-1"]
[WhiteElo "2371"]
[BlackElo "2557"]
[TimeControl "180+1"]
[EndTime "8:40:55 PDT"]
[Termination "Aryan_Tamadon won by resignation"]

1. d4 d6 2. Bf4 g6 3. Nf3 Bg7 4. e3 Nf6 5. h3 O-O 6. Be2 Bd7 7. O-O Qc8 8. c3 c5 9. Nbd2 Na6 10. Bh2 b5 11. a4 b4 12. Bb5 Rb8 13. Qe2 Nc7 14.
Bxd7 Nxd7 15. dxc5 Nxc5 16. Nd4 bxc3 17. bxc3 Qa6 18.
Qxa6 N7xa6 19. Nc6 Rb7 20. Rab1 Rc7 21. Nd4 Nxa4 22.
Ra1 N6c5 23. Nb5 Rb7 24. Rfb1 Rfb8 25. Na3 Nxc3 26. Rxb7 Rxb7 27. Kf1 Nd3 28. Nac4 Nxf2 29. Kxf2 Ne4+ 30. Nxe4 Bxa1 31. Kf3 d5 32. Nc5 Rb5 0-1

[Event "Early-Titled-Tuesday-Blitz-May-07-2024"]
[Site "Chess.com"]
[Date "2024.05.07"]
[Round "4"]
[White "juancruzarias"]
[Black "TigrVShlyape"]
[Result "0-1"]
[WhiteElo "2721"]
[BlackElo "2941"]
[TimeControl "180+1"]
[EndTime "8:40:56 PDT"]
[Termination "TigrVShlyape won by resignation"]

1. d4 f5 2. Nc3 Nf6 3. Bg5 d5 4. Bxf6 exf6 5. e3 Be6 6. Bd3 Nc6 7. Qf3 Qd7 8. Nge2 Nb4 9. Nf4 Bf7 10. h3 h5 11. a3 Nxd3+ 12. Nxd3 c6 13. h4 Bd6 14.
Na4 b6 15. Nc3 g6 16. a4 a5 17. Nf4 Kf8 18. g3 Kg7 19. Nce2 Bb4+ 20. c3 Bd6 21. Nd3 Qe7 22. Nef4 Qe4 23. Ke2 g5 24. hxg5 fxg5 25. Ng2 h4 26. Qxe4 fxe4 27. Ne5 Bxe5 28. dxe5 Bh5+ 29. Kd2 Bf3 30. Rag1 h3 0-1

[Event "Early-Titled-Tuesday-Blitz-May-07-2024"]
[Site "Chess.com"]
[Date "2024.05.07"]
[Round "4"]
[White "Masterbeaterr"]
[Black "HSH1987"]
[Result "1-0"]
[WhiteElo "2457"]
[BlackElo "2760"]
[TimeControl "180+1"]
[EndTime "8:41:02 PDT"]
[Termination "Masterbeaterr won by checkmate"]

1. d4 d5 2. c4 c6 3. Nc3 Nf6 4.
Nf3 e6 5. Bg5 Nbd7 6. e3 h6 7.
Bh4 Be7 8. Bd3 dxc4 9. Bxc4 Nd5 10. Bxe7 Qxe7 11. O-O O-O 12. e4 Nxc3 13. bxc3 b6 14. Re1 Bb7 15. Qd2 Rfd8 16. Qf4 Rac8 17. Rad1 Qa3 18.
Re3 b5 19. Bb3 c5 20. dxc5 Nxc5 21. Rde1 Nxb3 22. axb3 Qxb3 23. Ne5 f6 24. Ng6 Rxc3 25. h4 Rxe3 26. Rxe3 Qd1+ 27. Kh2 Kh7 28. Rg3 Qh5 29.
f3 e5 30. Qc1 Rc8 31. Qd2 Bc6 32. Qd6 Be8 33. Nf8+ Kh8 34. Ne6 Qxh4+ 35. Rh3 Qf2 36. Qf8+ Kh7 37. Qxg7# 1-0

[Event "Early-Titled-Tuesday-Blitz-May-07-2024"]
[Site "Chess.com"]
[Date "2024.05.07"]
[Round "4"]
[White "Mops_2004"]
[Black "RamonManon0g"]
[Result "1-0"]
[WhiteElo "2813"]
[BlackElo "2449"]
[TimeControl "180+1"]
[EndTime "8:41:04 PDT"]
[Termination "Mops_2004 won by checkmate"]

1. e4 c5 2. Nf3 d6 3. d4 cxd4 4. Nxd4 Nf6 5. Nc3 a6 6. Bc4 e6 7.
Bb3 Be7 8. g4 O-O 9. g5 Nfd7 10.
h4 Nc5 11. f3 Nc6 12. Be3 Nxb3 13. axb3 Nxd4 14. Qxd4 Bd7 15. f4 Rc8 16. Qd2 Qc7 17. h5 b5 18. h6 g6 19. f5 b4 20. Qd4 f6 21. Qxb4 exf5 22. Nd5 Qd8 23. gxf6 Bxf6 24. Qxd6 Bxb2 25. Rxa6 fxe4 26. Ne7+ Kh8 27. Bd4+ Bxd4 28. Qxd4+ Rf6 29. Qxf6# 1-0

[Event "Early-Titled-Tuesday-Blitz-May-07-2024"]
[Site "Chess.com"]
[Date "2024.05.07"]
[Round "4"]
[White "IMchanged"]
[Black "MVM2008"]
[Result "1-0"]
[WhiteElo "2755"]
[BlackElo "2556"]
[TimeControl "180+1"]
[EndTime "8:41:06 PDT"]
[Termination "IMchanged won by checkmate"]

1. d4 Nf6 2. Nc3 d5 3. Bf4 c6 4.
e3 Nbd7 5. Bd3 a6 6. Nf3 g6 7.
e4 dxe4 8. Nxe4 Nxe4 9. Bxe4 Nf6 10. Bd3 Bg7 11. h3 Nd5 12. Be5 f6 13. Bg3 Nb4 14. Bc4 b5 15. Bb3 Nd5 16. O-O O-O 17. c4 bxc4 18.
Bxc4 Kh8 19. Rc1 Qb6 20. Qe2 Bf5 21. b3 Bh6 22. Ra1 e6 23. Bd6 Rfd8 24. Bh2 Nf4 25. Bxf4 Bxf4 26. g4 Re8 27. Rfe1 Qb7 28. gxf5 exf5 29.
Qxe8+ Rxe8 30. Rxe8+ Kg7 31. Rae1 Kh6 32. R1e7 Qb4 33.
Rh8 g5 34. Rhxh7+ Kg6 35. Reg7# 1-0

[Event "Early-Titled-Tuesday-Blitz-May-07-2024"]
[Site "Chess.com"]
[Date "2024.05.07"]
[Round "4"]
[White "Elegance_Riks"]
[Black "wild3000"]
[Result "1-0"]
[WhiteElo "2754"]
[BlackElo "2517"]
[TimeControl "180+1"]
[EndTime "8:41:06 PDT"]
[Termination "Elegance_Riks won by resignation"]

1. Nf3 d5 2. g3 Nf6 3. Bg2 e6 4. O-O Be7 5. c4 O-O 6. b3 c5 7. Bb2 Nc6 8. e3 b6 9. Nc3 Bb7 10. cxd5 Nxd5 11. Nxd5 Qxd5 12. d4 Na5 13. dxc5 Qxd1 14.
Rfxd1 Bxc5 15. Ne5 Bxg2 16. Kxg2 Rfd8 17. Bc3 Nb7 18. b4 Bd6 19. Nc6 Rdc8 20. b5 Kf8 21. a4 f6 22. Ra2 a6 23. Rad2 axb5 24. axb5 Bc5 25. Rd7 Na5 26. Nd8 Be7 27. Nxe6+ Kf7 28.
Bb4 Kxe6 29. Rxe7+ Kf5 30. Rxg7 Rc4 31. Bxa5 Rxa5 32.
Rxh7 Rxb5 33. Rh5+ 1-0

[Event "Early-Titled-Tuesday-Blitz-May-07-2024"]
[Site "Chess.com"]
[Date "2024.05.07"]
[Round "4"]
[White "CruzWilliam"]
[Black "guillembaches"]
[Result "1/2-1/2"]
[WhiteElo "2404"]
[BlackElo "2573"]
[TimeControl "180+1"]
[EndTime "8:41:07 PDT"]
[Termination "Game drawn by agreement"]

1. d4 e6 2. e4 d5 3. Nd2 c5 4.
exd5 Qxd5 5. Ngf3 cxd4 6. Bc4 Qd7 7. O-O Nf6 8. Re1 Be7 9. Ne4 Nc6 10. Bg5 h6 11. Bxf6 gxf6 12. Bb5 f5 13. Ng3 Bf6 14. Nh5 Ke7 15. Nxf6 Kxf6 16. Bxc6 bxc6 17. Qxd4+ Qxd4 18.
Nxd4 c5 19. Nb3 c4 20. Nd2 Ba6 21. f4 c3 22. bxc3 Rhc8 23. Re3 Rc6 24. Rb1 Rac8 25. Rb3 Rd8 26. Nf3 Rc4 27. g3 Ra4 28. a3 Rd1+ 29. Re1 Rd6 30. Kf2 Rb6 1/2-1/2

[Event "Early-Titled-Tuesday-Blitz-May-07-2024"]
[Site "Chess.com"]
[Date "2024.05.07"]
[Round "4"]
[White "Ramla2020"]
[Black "jk13"]
[Result "0-1"]
[WhiteElo "2435"]
[BlackElo "2666"]
[TimeControl "180+1"]
[EndTime "8:41:07 PDT"]
[Termination "jk13 won by resignation"]

1. c4 e6 2. d4 Nf6 3. Nf3 Bb4+ 4. Bd2 Bxd2+ 5. Qxd2 O-O 6. Nc3 d5 7. e3 Qe7 8. cxd5 exd5 9. Bd3 Nc6 10. O-O Rd8 11. Bb5 Rd6 12. Bxc6 Rxc6 13. Ne5 Rd6 14. b4 Nd7 15. f4 f6 16. Nd3 Nb6 17. Rfe1 Bf5 18. Nb2 Re8 19. Rac1 Re6 20. Kf2 Qxb4 21. Re2 c6 22. h3 h5 23. Rg1 h4 24. g4 hxg3+ 25. Rxg3 Nc8 26. Ncd1 Qxd2 27. Rxd2 Nd6 28. Nc3 b5 29. a3 a5 30. Rd1 b4 31. axb4 axb4 32.
Rdg1 bxc3 33. Rxg7+ Kf8 34. Na4 Rxe3 35. Rg8+ Kf7 36. R1g7+ Ke6 37. Rxe8+ Nxe8 38. Kxe3 Nxg7 39. Nxc3 Bxh3 40. Na4 Nf5+ 41. Kd3 Bf1+ 42. Kc3 Nd6 43.
Nc5+ Kf5 44. Nd7 Kxf4 0-1

[Event "Early-Titled-Tuesday-Blitz-May-07-2024"]
[Site "Chess.com"]
[Date "2024.05.07"]
[Round "4"]
[White "Rhesh29"]
[Black "NM_Antelacus"]
[Result "1-0"]
[WhiteElo "2369"]
[BlackElo "2281"]
[TimeControl "180+1"]
[EndTime "8:41:07 PDT"]
[Termination "Rhesh29 won by resignation"]

1. e4 c5 2. Nf3 Nc6 3. d4 cxd4 4. Nxd4 Nf6 5. Nc3 e5 6. Ndb5 d6 7. Nd5 Nxd5 8. exd5 Nb8 9. c4 Be7 10. Be2 a6 11. Nc3 O-O 12. Be3 f5 13. a3 Nd7 14. b4 b6 15. Qb3 Kh8 16. f3 Nf6 17.
O-O Bb7 18. Na4 Nd7 19. Nc3 Bf6 20. Rac1 Rc8 21. a4 g5 22. Bf2 Bg7 23. Rfd1 Ba8 24.
c5 bxc5 25. Bxa6 Rb8 26. b5 g4 27. fxg4 fxg4 28. Ne4 Nf6 29. Ng5 Qa5 30. Qc4 h5 31.
Ne6 Rf7 32. Be1 Nd7 33. Bxa5 1-0

[Event "Early-Titled-Tuesday-Blitz-May-07-2024"]
[Site "Chess.com"]
[Date "2024.05.07"]
[Round "4"]
[White "akanga001"]
[Black "margarita_2703"]
[Result "1-0"]
[WhiteElo "2170"]
[BlackElo "2307"]
[TimeControl "180+1"]
[EndTime "8:41:08 PDT"]
[Termination "akanga001 won by resignation"]

1. d4 d5 2. c4 c6 3. Nc3 e6 4. e3 f5 5. Nf3 Bd6 6. g3 Nf6 7. Qc2 O-O 8. b3 a6 9. Bb2 Bd7 10. Bd3 Be8 11. O-O Bh5 12. Ne5 Nbd7 13. Ne2 Bxe2 14. Bxe2 Rc8 15. Rac1 Qe7 16. f3 Rc7 17. Bd3 Rfc8 18. Qe2 g6 19. e4 fxe4 20. fxe4 dxe4 21. Bxe4 Bxe5 22. dxe5 Nxe4 23. Qxe4 Nc5 24.
Qe3 Nd7 25. c5 Rf8 26. Rfd1 Rf7 27. Rd6 Nf8 28. Rcd1 Qe8 29. Rd8 Qe7 30. R1d6 Kg7 31. Bc1 Kg8 32. Qh6 Rg7 33. Bg5 Qf7 34. Bf6 a5 35.
Bxg7 Qxg7 36. Qxg7+ Kxg7 37. Re8 Rf7 38. Rdd8 Rf5 39. Kg2 g5 40. Re7+ Rf7 41. Rxf7+ Kxf7 42. Rb8 Kg6 43. Rxb7 h5 44. Rc7 g4 45. Rxc6 Kf5 46. Rc8 Nd7 47. c6 Nb6 48. Rb8 Nd5 49. Rd8 Kxe5 50. Rd7 Kf6 51. c7 Nxc7 52. Rxc7 Ke5 53. Ra7 Kd4 54. Rxa5 e5 55. Ra8 e4 56. Re8 Kd3 57. Kf1 e3 58. Ke1 1-0